 Dungeon Crawl Stone Soup version 0.20.1-1-g8b1a95d (webtiles) character file.

16001 letownia2 the Reanimator (level 12, 0/106 HPs)
             Began as a Deep Dwarf Necromancer on Nov 28, 2017.
             Was an Initiate of Gozag.
             Slain by letownia2's ghost (14 damage)
             ... in an ice cave.
             The game lasted 00:39:58 (11968 turns).

letownia2 the Reanimator (Deep Dwarf Necromancer)  Turns: 11968, Time: 00:39:59

Health: 0/106      AC: 19    Str: 19    XL:     12   Next: 6%
Magic:  25/25      EV: 18    Int: 19    God:    Gozag
Gold:   1017       SH:  0    Dex: 18    Spells: 22/29 levels left

rFire    . . .     SeeInvis +   b - +9 quarterstaff of Lies {freeze, rPois rC+ MR- SInv}
rCold    + . .     Gourm    .   (shield currently unavailable)
rNeg     . . .     Faith    .   D - +3 leather armour
rPois    +         Spirit   .   s - +1 helmet
rElec    .         Reflect  .   P - +2 cloak
rCorr    .         Harm     .   Q - +0 pair of gloves
MR       +....                  (no boots)
Stlth    +++.......             (no amulet)
Regen    0.0/turn               K - +6 ring of protection
MPRegen  0.2/turn               G - ring of protection from magic

@: mighty, agile, non-regenerating, hasted, very quick
A: damage resistance, heal wounds, sense surroundings 2, no regeneration
a: Heal Wounds, Potion Petition, Call Merchant, Bribe Branch, Renounce Religion


You were in an ice cave.
You worshipped Gozag.
Gozag was most pleased with you.
You were not hungry.

You visited 2 branches of the dungeon, and saw 13 of its levels.
You also visited: Sewer, Ossuary and Ice Cave.

You collected 3414 gold pieces.
You paid 2397 gold pieces to Gozag.

Inventory:

Hand Weapons
 a - the +10 whip "Lomyno" {venom, Int+4}
   (You found it on level 4 of the Dungeon)

   It poisons the flesh of those it strikes.
   It affects your intelligence (+4).
 b - the +9 quarterstaff of Lies (weapon) {freeze, rPois rC+ MR- SInv}
   (You found it on level 5 of the Dungeon)

   It has been specially enchanted to freeze those struck by it, causing extra
   injury to most foes and up to half again as much damage against particularly
   susceptible opponents.
   It can also slow down cold-blooded creatures.
   It protects you from cold.
   It protects you from poison.
   It affects your resistance to hostile enchantments.
   It lets you see invisible.
 o - a +0 hand axe
 z - a +0 hunting sling
 C - a +2 antimagic spear
 H - a +2 battleaxe of freezing
 I - a +4 hunting sling
Missiles
 d - 6 javelins
 j - 6 poisoned javelins (quivered)
 A - 74 sling bullets
 M - a throwing net
Armour
 p - a +0 robe of magic resistance
 s - a +1 helmet (worn)
 D - a +3 leather armour (worn)
 P - a +2 cloak (worn)
 Q - a +0 pair of gloves (worn)
Magical Staves
 Y - an uncursed staff of energy
Jewellery
 v - an uncursed ring of resist corrosion
 y - a +2 ring of protection
 G - a ring of protection from magic (right hand)
 K - a +6 ring of protection (left hand)
Wands
 r - a wand of scattershot (3/9)
 B - a wand of flame (25/48)
 J - a wand of digging (15/24)
 S - a wand of confusion (30/48)
Scrolls
 g - 9 scrolls of teleportation
 i - 3 scrolls of identify
 l - 2 scrolls of immolation
 m - 3 scrolls of amnesia
 x - 2 scrolls of remove curse
 F - a scroll of enchant weapon
 V - 2 scrolls of recharging
 X - 2 scrolls of enchant armour
Potions
 e - a potion of might
 f - 4 potions of flight
 h - 2 potions of curing
 n - a potion of magic
 q - 2 potions of resistance
 t - a potion of cancellation
 u - 2 potions of heal wounds
 w - a potion of ambrosia
 E - 2 potions of brilliance {unknown}
 U - 2 potions of mutation
Comestibles
 c - 6 bread rations
 k - 2 fruits
 N - a meat ration


   Skills:
 - Level 6.3 Fighting
 - Level 4.7 Axes
 - Level 4.1 Armour
 - Level 3.2 Dodging
 - Level 2.4 Stealth
 - Level 9.0 Spellcasting
 - Level 5.1 Charms
 + Level 12.7 Necromancy
 - Level 7.6 Evocations


You had 22 spell levels left.
You knew the following spells:

 Your Spells              Type           Power        Failure   Level  Hunger
a - Pain                  Necr           ####         1%          1    None
o - Ozocubu's Armour      Chrm/Ice       ###.....     10%         3    None
v - Vampiric Draining     Necr           ######....   1%          3    None


Dungeon Overview and Level Annotations

Branches:
Dungeon (11/15)            Temple (0/1) D:5            Lair (0/6) D:8
    Orc (2/2) D:10            Elf (0/3) Orc:2

Altars:
Cheibriados
Elyvilon
Fedhas
Gozag
Kikubaaqudgha
Makhleb
Nemelex Xobeh
Qazlal
Ru
Sif Muna
Vehumet
Yredelemnul
Zin
The Shining One

Shops:
D:2 *   D:4 =   D:7 ?   D:11 !%(   Orc:1 [*[

Annotations:
D:3 Ymberto's ghost, amateur HuHu
D:5 DIG GOLD
D:7 ucho's ghost, novice MiBe
D:9 2 transporters, exclusion: obsidian statue IceCv letownia2's ghost, journeyman DDNe


Innate Abilities, Weirdness & Mutations

You are resistant to damage.
You can heal yourself by infusing magical energy.
You passively map the area around you.
You do not regenerate.


Message History

You miss letownia2's ghost.
Letownia2's ghost is severely damaged.
You barely miss letownia2's ghost.
Letownia2's ghost is severely damaged.
Letownia2's ghost hits you but does no damage.
You closely miss letownia2's ghost.
Letownia2's ghost is severely damaged.
Letownia2's ghost is infused with unholy energy.
* * * LOW HITPOINT WARNING * * *
Letownia2's ghost draws life force from you and is healed!
Evoke which item? (* to show all) (? for menu, Esc to quit)
Aiming: Scattershot
Press: ? - help, Shift-Dir - straight line, f/p - letownia2's ghost
Aim: letownia2's ghost, wielding a vampiric weapon (heavily damaged)
The burst of metal fragments hits letownia2's ghost. x8
Letownia2's ghost is severely damaged.
This wand has 3 charges left.
You float gracefully downwards.
Letownia2's ghost hits you!
You die...
Your body crumbles into a pile of gold.

** * . *,.. #### * ...
##..## *#... ##....###
##....
########.......##......
#...$.@W..∩∩...........
########......$........
##....##..##....
##..###### *.W. #### *
. * , , *


You could see letownia2's ghost.

Vanquished Creatures
  The ghost of Anon1729 the Geomancer, a journeyman OpEE of Sif Muna (IceCv)
  4 two-headed ogres
  An orc high priest (D:10)
  An unseen horror (D:10)
  An orc sorcerer (Orc:2)
  2 deep elf magi (D:9)
  2 ice devils (IceCv)
  2 trolls
  Prince Ribbit (D:6)
  2 yaks (D:10)
  2 wyverns
  Grum (D:9)
  A wraith (D:10)
  A steam dragon (D:9)
  Menkaure (D:7)
  Edmund (D:6)
  2 wargs
  2 hell hounds (D:8)
  A sky beast (D:11)
  13 orc warriors
  4 black bears
  9 ice beasts
  A necrophage (D:10)
  13 ogres
  2 wolves (D:9)
  5 centaurs
  A phantom (D:4)
  3 big kobolds
  3 elf zombies (Ossuary)
  4 bullfrogs
  A water moccasin zombie (D:7)
  A scorpion (D:4)
  4 killer bees (D:10)
  4 howler monkeys
  A centaur zombie (Ossuary)
  5 crimson imps
  A human zombie (Ossuary)
  3 jellies
  5 hounds
  A bullfrog skeleton (D:10)
  9 orc priests
  Ijyb (D:3)
  19 orc wizards
  Crazy Yiuf (D:7)
  An iguana (D:11)
  11 worker ants
  2 hound zombies
  4 mummies
  A worker ant zombie (D:10)
  2 gnolls
  A howler monkey skeleton (D:9)
  8 adders
  3 river rats (Sewer)
  8 adder zombies (Ossuary)
  A worm (D:2)
  2 dart slugs
  7 leopard geckos
  55 orcs
  6 bats
  4 giant cockroaches
  7 goblins
  9 hobgoblins
  8 jackals
  8 quokkas
  A ball python (D:5)
  3 frilled lizards (D:4)
  A gnoll zombie (Ossuary)
  4 goblin zombies (Ossuary)
  4 hobgoblin zombies (Ossuary)
  4 jackal zombies (Ossuary)
  17 kobolds
  4 kobold zombies (Ossuary)
  3 leopard gecko skeletons
  An orc zombie (Ossuary)
  A quokka zombie (Ossuary)
  8 rats
  3 rat zombies (Ossuary)
  A plant (D:2)
346 creatures vanquished.

Vanquished Creatures (others)
  2 plants (D:2)
2 creatures vanquished.

Grand Total: 348 creatures vanquished

Notes
Turn   | Place    | Note
-------+----------+-------------------------------------------
     0 | D:1      | letownia2 the Deep Dwarf Necromancer began the quest for the Orb.
     0 | D:1      | Reached XP level 1. HP: 15/15 MP: 3/3
   556 | D:1      | Reached XP level 2. HP: 22/22 MP: 3/5
   712 | D:2      | Found an opulent altar of Gozag.
   716 | D:2      | Found Gozag's Platinum Reserve.
   722 | D:2      | Became a worshipper of Gozag Ym Sagoz the Greedy
   814 | D:2      | Found a basalt altar of Yredelemnul.
  1152 | D:1      | Reached XP level 3. HP: 19/28 MP: 7/7
  1174 | D:2      | Learned a level 3 spell: Vampiric Draining
  1486 | D:2      | Found a white marble altar of Elyvilon.
  1552 | D:2      | Found a basalt altar of Yredelemnul.
  1593 | D:2      | Reached skill level 5 in Necromancy
  1593 | D:2      | Reached XP level 4. HP: 24/36 MP: 1/8
  2466 | D:3      | Noticed Ijyb
  2475 | D:3      | Killed Ijyb
  2475 | D:3      | Reached XP level 5. HP: 25/42 MP: 0/9
  2674 | D:3      | Reached skill level 6 in Necromancy
  2700 | D:3      | Noticed Ymberto's ghost (amateur HuHu)
  3258 | D:4      | Reached skill level 1 in Armour
  3403 | D:4      | Reached XP level 6. HP: 38/49 MP: 6/10
  3512 | D:4      | Found Dewkysog's Jewellery Shoppe.
  3547 | D:4      | Reached skill level 7 in Necromancy
  3786 | D:4      | Got a dazzling whip
  3873 | D:4      | Identified the +10 whip "Lomyno" {venom, Int+4} (You found it on level 4 of the Dungeon)
  3891 | D:4      | Reached skill level 1 in Fighting
  3898 | D:4      | Reached XP level 7. HP: 36/57 MP: 4/12
  4289 | D:5      | Entered Level 5 of the Dungeon
  4426 | D:5      | Found a staircase to the Ecumenical Temple.
  4528 | D:5      | Found a glowing drain.
  4544 | Sewer    | Entered a sewer
  4652 | Sewer    | Reached skill level 1 in Axes
  4684 | Sewer    | Found a white marble altar of Elyvilon.
  4881 | D:5      | Found a glowing silver altar of Zin.
  5050 | D:5      | Got a faintly glowing quarterstaff
  5479 | D:6      | Noticed Prince Ribbit
  5489 | D:6      | Killed Prince Ribbit
  5489 | D:6      | Reached skill level 5 in Spellcasting
  5489 | D:6      | Reached XP level 8. HP: 30/67 MP: 2/15
  5492 | D:6      | Noticed Edmund
  5558 | D:6      | Killed Edmund
  5738 | D:6      | Found a stormy altar of Qazlal.
  5743 | D:6      | Found a blossoming altar of Fedhas.
  6083 | D:7      | Noticed Menkaure
  6109 | D:7      | Killed Menkaure
  6152 | D:7      | Found Xifaph's Magic Scroll Shoppe.
  6223 | D:7      | Identified the +9 quarterstaff of Lies {freeze, rPois rC+ MR- SInv} (You found it on level 5 of the Dungeon)
  6349 | D:7      | Noticed ucho's ghost (novice MiBe)
  6494 | D:7      | Gained mutation: You passively map the area around you. [Deep Dwarf growth]
  6494 | D:7      | Reached XP level 9. HP: 64/73 MP: 15/19
  6644 | D:7      | Found a deep blue altar of Sif Muna.
  6779 | D:7      | Found a runed door.
  6783 | D:7      | Noticed Crazy Yiuf
  6796 | D:7      | Killed Crazy Yiuf
  6986 | D:8      | Found a staircase to the Lair.
  7080 | D:8      | Reached skill level 1 in Evocations
  7112 | D:8      | Learned a level 3 spell: Ozocubu's Armour
  7113 | D:8      | Found a sand-covered staircase.
  7128 | Ossuary  | Entered an ossuary
  7371 | Ossuary  | Reached skill level 1 in Charms
  7738 | D:8      | Noticed a two-headed ogre
  7764 | D:8      | Killed a two-headed ogre
  7764 | D:8      | Reached skill level 8 in Necromancy
  7764 | D:8      | Reached skill level 5 in Evocations
  7764 | D:8      | Reached XP level 10. HP: 59/80 MP: 8/22
  7985 | D:9      | Noticed Grum
  8001 | D:9      | Killed Grum
  8101 | D:9      | Found a transporter.
  8217 | D:9      | Noticed a two-headed ogre
  8226 | D:9      | Killed a two-headed ogre
  8226 | D:9      | Reached skill level 9 in Necromancy
  8409 | D:9      | Noticed an obsidian statue
  8424 | D:9      | Found a transporter.
  8507 | D:9      | Found a radiant altar of Vehumet.
  8507 | D:9      | Noticed a deep elf mage
  8515 | D:9      | Noticed a deep elf mage
  8527 | D:9      | Killed a deep elf mage
  8534 | D:9      | Killed a deep elf mage
  8534 | D:9      | Reached skill level 10 in Necromancy
  8610 | D:9      | Found a glowing golden altar of the Shining One.
  8615 | D:9      | Found an ancient bone altar of Kikubaaqudgha.
  8616 | D:9      | Found a sacrificial altar of Ru.
  8616 | D:9      | Found a sparkling altar of Nemelex Xobeh.
  8620 | D:9      | Found a snail-covered altar of Cheibriados.
  8671 | D:9      | Found a burning altar of Makhleb.
  8755 | D:10     | Entered Level 10 of the Dungeon
  9279 | D:10     | Found a staircase to the Orcish Mines.
  9338 | D:10     | Killed an unseen horror
  9338 | D:10     | Reached XP level 11. HP: 73/93 MP: 16/23
  9478 | Orc:1    | Entered Level 1 of the Orcish Mines
  9478 | Orc:1    | Noticed a two-headed ogre
  9484 | Orc:1    | Killed a two-headed ogre
  9484 | Orc:1    | Reached skill level 5 in Fighting
  9492 | Orc:1    | Noticed an orc high priest
  9668 | D:10     | Killed an orc high priest
  9668 | D:10     | Reached skill level 11 in Necromancy
 10210 | D:10     | You fall through a shaft!
 10258 | D:11     | Noticed a two-headed ogre
 10273 | D:11     | Killed a two-headed ogre
 10273 | D:11     | Reached skill level 5 in Charms
 10402 | D:11     | Found Puhiduy's Antique Weapon Boutique.
 10438 | D:11     | Found Vyluntokh's Food Shoppe.
 10544 | D:11     | Found Epauputz's Distillery.
 11377 | Orc:2    | Entered Level 2 of the Orcish Mines
 11390 | Orc:2    | Found a staircase to the Elven Halls.
 11406 | Orc:2    | Noticed an orc sorcerer
 11415 | Orc:2    | Killed an orc sorcerer
 11600 | Orc:2    | Found a frozen archway.
 11668 | Orc:2    | Reached skill level 12 in Necromancy
 11830 | IceCv    | Entered an ice cave
 11903 | IceCv    | Noticed Anon1729's ghost (journeyman OpEE)
 11912 | IceCv    | Killed Anon1729's ghost
 11912 | IceCv    | Reached XP level 12. HP: 89/106 MP: 25/25
 11940 | IceCv    | Noticed letownia2's ghost (journeyman DDNe)
 11968 | IceCv    | Slain by letownia2's ghost

Skill      XL: |  1  2  3  4  5  6  7  8  9 10 11 |
---------------+----------------------------------+-----
Spellcasting   | 2 3 5 7 8 9 |  9.0
Necromancy     | 5 6 7 8 10 12 | 12.7
Armour         | 1 2 4 |  4.1
Fighting       | 1 2 4 6 |  6.3
Axes           | 4 |  4.7
Evocations     | 5 7 |  7.6
Charms         | 3 5 |  5.1
Dodging        | 3 |  3.2
Stealth        | |  2.4

Action                   |  1- 3 |  4- 6 |  7- 9 | 10-12 || total
-------------------------+-------+-------+-------+-------++-------
Melee: Dagger            |    69 |   112 |       |       ||   181
       Whip              |       |    10 |   207 |   285 ||   502
       Quarterstaff      |       |       |   116 |    91 ||   207
Throw: Javelin           |       |       |     2 |    12 ||    14
 Cast: Pain              |    55 |    98 |     6 |     1 ||   160
       Vampiric Draining |     1 |    12 |    44 |   137 ||   194
       Ozocubu's Armour  |       |       |     6 |    31 ||    37
Invok: Call Merchant     |       |       |       |     3 ||     3
       Potion Petition   |       |       |       |     1 ||     1
Evoke: Wand              |       |       |       |    10 ||    10
  Use: Scroll            |       |    10 |     2 |    12 ||    24
       Potion            |       |       |       |     4 ||     4
 Stab: Sleeping          |       |       |     2 |     2 ||     4
       Distracted        |       |       |       |     3 ||     3
  Eat: Meat ration       |     1 |     2 |     1 |     2 ||     6
       Royal jelly       |       |       |     1 |     2 ||     3
       Bread ration      |       |       |     1 |       ||     1
Armor: Ring mail         |    29 |    25 |    37 |       ||    91
       Leather armour    |       |       |   130 |   242 ||   372
Dodge: Dodged            |    60 |    45 |   207 |   295 ||   607
